 Dungeon Crawl Stone Soup version 0.31.0-9-g3a7656b989 (webtiles) character file.

Game seed: 6529498049660143786

181 qw the Shooter (level 5, 0/26 HPs)
             Began as a Spriggan Hunter on Feb 2, 2024.
             Incinerated by a bombardier beetle (5 damage)
             ... with a burning spray
             ... on level 4 of the Dungeon.
             The game lasted 00:00:10 (2257 turns).

qw the Shooter (Spriggan Hunter)                    Turns: 2257, Time: 00:00:11

Health: 0/26       AC:  2    Str: 13    XL:     5   Next: 34%
Magic:  6/6        EV: 20    Int: 11    God:
Gold:   10         SH:  0    Dex: 20    Spells: 4/4 levels left

rFire   . . .        b - +1 orcbow (flame)
rCold   . . .        (shield currently unavailable)
rNeg    . . .        c - +0 robe
rPois   .            (helmet restricted)
rElec   .            (no cloak)
rCorr   .            (gloves unavailable)
SInv    +            (boots unavailable)
Will    .....        (no amulet)
Stlth   +            j - +6 ring of strength
HPRegen 0.24/turn    (no ring)
MPRegen 0.10/turn

%: no passive effects
@: on fire, glowing, very quick
A: very small, no large weapons, unfitting armour, see invisible, speed 3
a: no special abilities


You were on level 4 of the Dungeon.
You visited 1 branch of the dungeon, and saw 4 of its levels.

You collected 148 gold pieces.
You spent 138 gold pieces at shops.


Innate Abilities, Weirdness & Mutations

You are very small and have problems with some larger weapons.
You are too small for most types of armour.
You have supernaturally acute eyesight. (SInv)
You cover ground extremely quickly. (Speed+++)


   Skills:
 - Level 2.0 Fighting
 + Level 5.6 Ranged Weapons
 - Level 5.0 Dodging
 - Level 1.5 Stealth


You had 4 spell levels left.
You didn't know any spells.
Your spell library was empty.

Inventory:

Hand Weapons
 b - a +1 orcbow of flaming (weapon)
Armour
 a - a scarf of repulsion
 c - a +0 robe (worn)
Jewellery
 d - a ring of ice
 j - a +6 ring of strength (left hand)
Scrolls
 f - 2 scrolls of identify
 k - 3 scrolls of teleportation
Potions
 e - a potion of might {unknown}
 h - a potion of heal wounds
 l - a potion of mutation

Dungeon Overview and Level Annotations

Branches:
Dungeon (4/15)
 Temple: D:4-7

Altars:
Fedhas
Makhleb
Ru

Shops:
D:3 ?[((=   D:4 *


Message History

The ball python barely misses you. The ball python misses you.
You shoot an arrow. The arrow hits the ball python!
The arrow burns the ball python.
You kill the ball python!
You start resting.
HP restored.
There is an escape hatch in the ceiling here.
There is an entrance to Usett's General Store here.
2235 ||| SHOPLISTING +4 ring of slaying (1092 gold, have 38).
You can access your shopping list by pressing '$'.
2235 ||| SHOPLISTING potion of curing (42 gold, have 38).
You can access your shopping list by pressing '$'.
2235 ||| BUYING scroll of identify (28 gold).
f - 2 scrolls of identify (gained 1) Thank you for shopping at Usett's General Store!
You can access your shopping list by pressing '$'.
2235 ||| SHOPLISTING scroll of teleportation (42 gold, have 10).
You can access your shopping list by pressing '$'.
A bombardier beetle comes into view.
You shoot an arrow. The arrow hits the bombardier beetle!
The arrow burns the bombardier beetle.
The bombardier beetle is severely wounded.
The bombardier beetle sprays incendiary fluid at you.
The burning spray hits you.
You are covered in liquid fire!
You shoot an arrow. The arrow hits the bombardier beetle!
The arrow burns the bombardier beetle.
You kill the bombardier beetle!
The liquid fire burns you!
You are on fire!
The liquid fire burns you!
You are on fire!
The liquid fire burns you!
You are on fire!
The liquid fire burns you!
You are on fire!
The liquid fire burns you!
You are on fire!
The liquid fire burns you!
You die...

....
###.#........#
#..
#.#\#........#
#.%
#............#
#..8##.......#
#...##########
#.### # #.#
#.#.# #.%@#
#####


There were no monsters in sight!

Vanquished Creatures
  A bombardier beetle (D:4)
  Natasha (twice) (D:2)
  3 ribbon worms
  2 dart slugs
  4 orcs
  7 endoplasms
  A giant cockroach (D:1)
  10 goblins
  11 hobgoblins
  2 jackals (D:1)
  4 quokkas
  10 ball pythons
  2 bats (D:1)
  2 frilled lizards (D:2)
  6 kobolds
  7 rats
74 creatures vanquished.

Notes
Turn   | Place    | Note
-------+----------+-------------------------------------------
     0 | D:1      | qw the Spriggan Hunter began the quest for the Orb.
     0 | D:1      | Reached XP level 1. HP: 10/10 MP: 2/2
     0 | D:1      | 0 ||| qw: Version: 0.3-a-155-g5e7d8dd
     0 | D:1      | 0 ||| qw: Game counter: 1924
     0 | D:1      | 0 ||| qw: Melee chars always use a shield: true
     0 | D:1      | 0 ||| qw: God list: Okawaru
     0 | D:1      | 0 ||| qw: Allow faded altars: false
     0 | D:1      | 0 ||| qw: Do Orc after clearing Dungeon:15 true
     0 | D:1      | 0 ||| qw: Do second Lair branch before Depths: true
     0 | D:1      | 0 ||| qw: Lair rune preference: random
     0 | D:1      | 0 ||| qw: Goals: Normal
     0 | D:1      | 0 ||| PLANNING D:1-11
     7 | D:1      | Reached skill level 3 in Dodging
    76 | D:1      | Reached XP level 2. HP: 14/14 MP: 3/3
   335 | D:1      | Reached XP level 3. HP: 18/18 MP: 4/4
   640 | D:1      | 640 ||| READING 2 scrolls labelled HIAV KAOMIDE.
   640 | D:1      | 640 ||| IDENTIFYING scroll labelled BEEWOO IKHAIJ
   641 | D:1      | 641 ||| READING scroll of identify.
   641 | D:1      | 641 ||| IDENTIFYING scroll labelled CYIBBY MYUKLU
   642 | D:1      | 642 ||| DROPPING scroll of butterflies.
   643 | D:1      | 643 ||| DROPPING scroll of noise.
  1012 | D:2      | Noticed Natasha
  1017 | D:2      | Killed Natasha
  1018 | D:2      | Reached XP level 4. HP: 13/22 MP: 5/5
  1096 | D:2      | Found a sacrificial altar of Ru.
  1215 | D:2      | Noticed Natasha
  1225 | D:2      | HP: 1/22 [Natasha/magic dart (11)]
  1226 | D:2      | 1226 ||| READING scroll of teleportation.
  1425 | D:2      | Killed Natasha
  1438 | D:2      | 1438 ||| DROPPING ring of flight.
  1439 | D:2      | 1439 ||| READING scroll of identify.
  1439 | D:2      | 1439 ||| IDENTIFYING bubbling dark potion
  1440 | D:2      | 1440 ||| READING scroll labelled LUNNAOGEXA.
  1441 | D:2      | 1441 ||| READING scroll labelled NIWEHA PILUCAH.
  1441 | D:2      | 1441 ||| BRANDING +0 shortbow.
  1442 | D:2      | 1442 ||| READING scroll labelled WYBLIR XOBA.
  1442 | D:2      | Identified a scroll of acquirement
  1442 | D:2      | 1442 ||| ACQUIRING +1 orcbow of freezing
  1442 | D:2      | Acquired a +1 orcbow of freezing
  1444 | D:2      | 1444 ||| SWAPPING to +1 orcbow of freezing.
  1445 | D:2      | 1445 ||| DROPPING +0 shortbow of freezing.
  1446 | D:2      | 1446 ||| READING scroll labelled QENENO RIUNYDUL.
  1447 | D:2      | 1447 ||| DRINKING 2 murky pink potions.
  1469 | D:3      | Found Neewurr's Antique Weapon Shoppe.
  1470 | D:3      | 1470 ||| STAIRDANCE
  1474 | D:3      | 1474 ||| STAIRDANCE
  1500 | D:3      | Found Kedaept's Jewellery Boutique.
  1512 | D:3      | 1512 ||| SHOPLISTING +6 ring of strength (432 gold, have
                  | 89).
  1512 | D:3      | 1512 ||| SHOPLISTING amulet "Muracoge" {Faith rElec Str-5
                  | SInv} (572 gold, have 89).
  1512 | D:3      | 1512 ||| SHOPLISTING amulet of faith (480 gold, have 89).
  1512 | D:3      | 1512 ||| SHOPLISTING amulet of guardian spirit (360 gold,
                  | have 89).
  1512 | D:3      | 1512 ||| SHOPLISTING amulet of reflection (360 gold, have
                  | 89).
  1512 | D:3      | 1512 ||| SHOPLISTING ring "Cyemmul" {EV+5 Slay+2} (616
                  | gold, have 89).
  1512 | D:3      | 1512 ||| SHOPLISTING ring of protection from fire (300
                  | gold, have 89).
  1584 | D:3      | 1584 ||| READING scroll of brand weapon.
  1584 | D:3      | 1584 ||| BRANDING +1 orcbow of freezing.
  1665 | D:3      | Found Voelest's Antique Armour Shoppe.
  1671 | D:3      | 1671 ||| SHOPLISTING translucent cloak (228 gold, have
                  | 111).
  1689 | D:3      | Found a faded altar of an unknown god.
  1689 | D:3      | Identified the +2 pair of boots of Repulsion {rF- rN++
                  | Str+2 Stlth+}
  1789 | D:3      | Found a burning altar of Makhleb.
  1789 | D:3      | Found a blossoming altar of Fedhas.
  1855 | D:3      | Found Usafeag's Magic Scroll Shoppe.
  1865 | D:3      | 1865 ||| BUYING scroll of identify (22 gold).
  1865 | D:3      | Bought a scroll of identify for 22 gold pieces
  1865 | D:3      | 1865 ||| BUYING scroll of identify (22 gold).
  1865 | D:3      | Bought a scroll of identify for 22 gold pieces
  1865 | D:3      | 1865 ||| BUYING scroll of teleportation (33 gold).
  1865 | D:3      | Bought a scroll of teleportation for 33 gold pieces
  1865 | D:3      | 1865 ||| BUYING scroll of teleportation (33 gold).
  1865 | D:3      | Bought a scroll of teleportation for 33 gold pieces
  1995 | D:3      | Reached XP level 5. HP: 26/26 MP: 6/6
  2122 | D:3      | Found Ypour's Antique Weapon Shoppe.
  2130 | D:3      | 2130 ||| DROPPING ring of wizardry.
  2131 | D:3      | 2131 ||| UPGRADING to +6 ring of strength.
  2132 | D:3      | 2132 ||| READING 3 scrolls of identify.
  2132 | D:3      | 2132 ||| IDENTIFYING 2 silvery potions
  2133 | D:3      | 2133 ||| READING 2 scrolls of identify.
  2133 | D:3      | 2133 ||| IDENTIFYING scroll labelled FIZUDE JIMUATIK
  2134 | D:3      | 2134 ||| READING scroll of identify.
  2134 | D:3      | 2134 ||| IDENTIFYING scroll labelled TICEUD YNLI
  2135 | D:3      | 2135 ||| DROPPING scroll of torment.
  2136 | D:3      | 2136 ||| DROPPING scroll of amnesia.
  2137 | D:3      | 2137 ||| DROPPING 2 potions of lignification.
  2217 | D:4      | Found Usett's General Store.
  2235 | D:4      | 2235 ||| SHOPLISTING +4 ring of slaying (1092 gold, have
                  | 38).
  2235 | D:4      | 2235 ||| SHOPLISTING potion of curing (42 gold, have 38).
  2235 | D:4      | 2235 ||| BUYING scroll of identify (28 gold).
  2235 | D:4      | Bought a scroll of identify for 28 gold pieces
  2235 | D:4      | 2235 ||| SHOPLISTING scroll of teleportation (42 gold, have
                  | 10).
  2256 | D:4      | HP: 5/26 [burnt (4)]
  2257 | D:4      | Incinerated by a bombardier beetle

Levels and vault maps discovered:
D:1:      minmay_arrival_radiant_lines, layout_rooms, serial_bayou,
          serial_bayou_pond_c, serial_bayou_ford_a, serial_bayou_lake_a,
          serial_bayou_lagoon_a
D:2:      layout_loops_cross, basic_altar, uniq_natasha
D:3:      layout_loops_cross, gammafunk_temple_overflow_pools,
          basic_ecumenical_altar, serial_shops, nicolae_square_shop,
          nicolae_shop_gaudy_bauble, nicolae_shop_gibbet_a_chance,
          nicolae_lakefront_shop, nicolae_shop_pleasant_corner_grove
D:4:      layout_basic, serial_shops, shop_statue,
          nicolae_shop_pleasant_corner_grove, uniq_eustachio, uniq_ijyb

Skill      XL: |  1  2  3  4  5 |
---------------+----------------+-----
Dodging        | 3 4 5 |  5.0
Ranged Weapons | 5 |  5.6
Fighting       | 2 |  2.0
Stealth        | |  1.5

Action                     |  1- 3 |  4- 6 || total
---------------------------+-------+-------++-------
   Fire: Shortbow          |   135 |    25 ||   160
         Orcbow            |       |    44 ||    44
    Use: Scroll            |     2 |    10 ||    12
         Potion            |       |     1 ||     1
 Armour: Robe              |    16 |     3 ||    19
  Dodge: Dodged            |    55 |    23 ||    78

Table legend:
 A = Non-vault XP
 B = Vault XP
 C = Vault XP percentage of total XP
 D = Non-vault monster count
 E = Vault monster count
 F = Vault count percentage of total count
                 A         B        C        D         E       F
            +---------+---------+-------+---------+---------+-------
      Total |     224 |      35 |  13.5 |      73 |       1 |   1.4
            +---------+---------+-------+---------+---------+-------
        D:1 |      49 |       0 |   0.0 |      29 |       0 |   0.0
        D:2 |      77 |      35 |  31.2 |      21 |       1 |   4.5
        D:3 |      38 |       0 |   0.0 |      16 |       0 |   0.0
        D:4 |      60 |       0 |   0.0 |       7 |       0 |   0.0
            +---------+---------+-------+---------+---------+-------
